 Dungeon Crawl Stone Soup version 0.31-a0-344-gd109795599 (webtiles) character file.

Game seed: 7462949720703413692

76561 KimchiStew the Black Belt (level 15, 0/122 HPs)
             Began as a Merfolk Monk on July 21, 2023.
             Was a High Priest of Trog.
             Slain by a red devil
             ... wielding a +0 trident
             ... summoned by an orc high priest
              (16 damage)
             ... on level 2 of the Orcish Mines.
             The game lasted 00:32:15 (20759 turns).

KimchiStew the Black Belt (Merfolk Monk)           Turns: 20759, Time: 00:32:16

Health: 0/122      AC:  6    Str: 18    XL:     15   Next: 53%
Magic:  15/15      EV: 21    Int:  9    God:    Trog [*****.]
Gold:   2028       SH:  6    Dex: 18    Spells: 14/14 levels left

rFire   + .          .
                       - Unarmed
rCold   + . .        T - +0 buckler
rNeg    . . .        R - melded +2 troll leather armour
rPois   +            L - +3 helmet of the Snake Pit {Slay+2}
rElec   .            j - scarf {rC+ rF+}
rCorr   +            q - +0 pair of gloves
SInv    .            E - +0 pair of boots
Will    +....        F - amulet of regeneration
Stlth   +++          w - ring of resist corrosion
HPRegen 1.20/turn    J - ring of poison resistance
MPRegen 0.14/turn

%: no passive effects
@: maw-form, spiked, on berserk cooldown, slowed, very slow
A: devouring maw, (nimble swimmer 2), mertail
a: Begin Untransformation, Renounce Religion, Berserk, Trog's Hand, Brothers in
Arms


You were on level 2 of the Orcish Mines.
You worshipped Trog.
Trog was extremely pleased with you.
You were a creature with a mouth for a stomach.
You visited 3 branches of the dungeon, and saw 19 of its levels.
You also visited: Sewer.

You collected 2133 gold pieces.
You spent 105 gold pieces at shops.

Inventory:

Hand Weapons
 b - a +0 halberd of flaming
 l - a +1 dagger of venom
Missiles
 t - 12 poisoned darts (quivered)
 H - a throwing net
Armour
 d - an orb of light
 j - a scarf of resistance (worn)
 q - a +0 pair of gloves (worn)
 E - a +0 pair of boots (worn)
 L - the +3 helmet of the Snake Pit (worn) {Slay+2}
   (You acquired it on level 6 of the Dungeon)

   Slay:      It affects your accuracy & damage with ranged weapons and melee
   (+2).
 R - a +2 troll leather armour (melded)
 T - a +0 buckler (worn)
Jewellery
 g - a ring of protection from fire
 w - a ring of resist corrosion (left hand)
 F - an amulet of regeneration (around neck)
 G - a +6 ring of dexterity
 J - a ring of poison resistance (right hand)
Talismans
 p - a beast talisman
 D - a maw talisman
 P - a serpent talisman
Wands
 e - a wand of paralysis (7)
 m - a wand of digging (5)
 o - a wand of flame (32)
 x - a wand of roots (11)
 K - a wand of polymorph (21)
 N - a wand of mindburst (10)
Scrolls
 a - a scroll of fear
 f - 3 scrolls of teleportation
 n - 3 scrolls of revelation
 r - 5 scrolls of vulnerability
 s - 2 scrolls of enchant weapon
 y - 4 scrolls of immolation
 B - 7 scrolls of poison
 I - 4 scrolls of brand weapon
 Q - 2 scrolls of blinking
 U - a scroll of enchant armour
Potions
 c - 2 potions of ambrosia
 h - 2 potions of mutation
 i - a potion of cancellation
 k - 3 potions of heal wounds
 u - 3 potions of lignification
 v - 10 potions of curing
 z - a potion of might
 A - 4 potions of attraction
 C - 2 potions of enlightenment
 M - a potion of haste
 O - a potion of berserk rage {unknown}
 S - a potion of invisibility {unknown}


   Skills:
 + Level 12.8 Fighting
 - Level 10.0 Polearms
 - Level 4.0 Throwing
 - Level 15.0 Dodging
 - Level 5.0 Stealth
 - Level 5.0 Shields
 * Level 17.5 Unarmed Combat
 + Level 12.4 Shapeshifting


You had 14 spell levels left.
You didn't know any spells.
Your spell library contained the following spells:

 Spells                   Type           Power      Damage    Failure   Level
 Summon Small Mammal      Summ           0%         N/A       45%         1
 Call Canine Familiar     Summ           0%         N/A       83%         3
 Dazzling Flash           Conj/Hex       0%         N/A       83%         3
 Summon Guardian Golem    Hex/Summ       0%         N/A       83%         3
 Agony                    Necr           0%         N/A       100%        5
 Silence                  Hex/Air        0%         N/A       100%        5


Dungeon Overview and Level Annotations

Branches:
Dungeon (12/15)            Temple (0/1) D:7            Lair (5/5) D:11
  Swamp (0/4) Lair:3        Snake (0/4) Lair:2        Slime (0/5) Lair:4
    Orc (2/2) D:9             Elf (0/3) Orc:2         Sewer (visited)

Altars:
Ashenzari
Elyvilon
Gozag
Trog
Xom
Yredelemnul

Shops:
D:10 ?   Orc:2 :

Portals:
Trove: D:10 (give 9 potions of haste)

Annotations:
D:9 Erica
Lair:4 exclusion: 2 oklob plants


Innate Abilities, Weirdness & Mutations

You are a creature with a mouth for a stomach.
Your midsection houses a second, enormous mouth.
((You are very nimble when in or above water. (Stealth+, EV+, Speed+++)))
Your lower body shifts to a powerful aquatic tail in water.


Message History

You block the red devil's attack.
The red devil hits you from afar with a +0 trident!
Barbed spikes become lodged in your body.
You take 14 damage, and have 84/183 hp.
You are too injured to fight recklessly!
You pummel the orc high priest!! You bite the orc high priest.
The orc high priest is severely wounded.
You are too injured to fight recklessly!
You are too injured to fight recklessly!
You punch the orc high priest!
The orc high priest is almost dead.
You are no longer berserk.
You are exhausted.
You feel yourself slow down.
The orc high priest prays.
The orc high priest mumbles some strange prayers to Beogh against you.
Beogh smites you! You block the red devil's attack.
The red devil hits you from afar with a +0 trident!
* * * LOW HITPOINT WARNING * * *
Barbed spikes become lodged in your body.
You now have 33/122 hp.
You are too injured to fight recklessly!
You closely miss the orc high priest.
The orc high priest is almost dead.
The orc high priest closely misses you. The red devil misses you.
The red devil hits you from afar with a +0 trident!
* * * LOW HITPOINT WARNING * * *
Barbed spikes become lodged in your body.
You take 9 damage, and have 24/122 hp.
You are too injured to fight recklessly!
You punch the orc high priest! Your bite misses the orc high priest.
The orc high priest is almost dead.
The orc high priest barely misses you.
The red devil hits you from afar with a +0 demon trident of freezing!
* * * LOW HITPOINT WARNING * * *
Barbed spikes become lodged in your body.
The red devil freezes you.
* * * LOW HITPOINT WARNING * * *
The red devil hits you from afar with a +0 trident!
You die...

########## #
##..#.....# .#
#..)).....# ..#
#..##..#### ..#
#...#.)...# ...##
#...#..)(.###44...#
#.∩.####.))Woo4...+
#####.....###4....#
#.....# ...##
#..####### ### #'##
#...# #..##.....
#)##......
####.........
#...........####


You could see an orc high priest, 2 chaos spawn, an orc sorcerer and 2 red
devils.

Vanquished Creatures
  Rupert (Lair:4)
  Fannar (Lair:3)
  2 hydras (Lair:5)
  A vault guard (D:10)
  2 catoblepae (Lair:4)
  A boulder beetle (D:11)
  4 two-headed ogres
  14 death yaks
  Urug (Orc:2)
  A skyshark (Lair:5)
  Lodul (D:12)
  A lindwurm (Lair:3)
  A wolf spider (Lair:5)
  2 oklob plants
  6 orc knights (Orc:2)
  A deep elf zephyrmancer (D:9)
  An ugly thing (D:12)
  2 manticores (D:12)
  4 cyclopes
  Maurice (Orc:2)
  14 elephants
  A guardian serpent (Lair:5)
  15 black mambas
  Maggie (D:7)
  An unseen horror zombie (D:8)
  2 gargoyles
  2 unseen horrors
  15 cane toads
  5 komodo dragons
  4 rime drakes
  8 saltlings (Orc:2)
  7 trolls
  5 hornets
  Grinder (D:6)
  Prince Ribbit (D:8)
  17 blink frogs
  20 dream sheep
  A vampire (D:11)
  12 slime creatures (D:12)
  43 yaks
  Sigmund (D:6)
  3 basilisks
  5 wraiths
  2 shadows (D:11)
  11 wyverns
  10 vampire mosquitoes
  A steam dragon (D:7)
  2 redbacks (Lair:5)
  Grum (D:10)
  3 acid dragons
  20 water moccasins
  9 orc warriors
  A sky beast (D:5)
  9 ogres
  2 ice beasts
  A black bear (D:5)
  6 centaurs
  6 wolves
  A kobold brigand (D:11)
  2 phantoms (D:5)
  8 bullfrogs
  A gnoll sergeant (D:9)
  3 scorpions
  A water moccasin zombie (D:5)
  5 wights (D:6)
  A water moccasin skeleton (D:5)
  14 killer bees
  3 howler monkeys (D:9)
  2 centaur zombies
  A bullfrog zombie (D:5)
  7 orc priests
  2 jellies
  A bullfrog skeleton (D:5)
  3 gnoll boudas
  4 hounds
  2 sleepcaps
  6 orc wizards
  2 scorpion zombies (D:5)
  3 iguanas
  3 hound zombies (D:5)
  A hound skeleton (D:5)
  Robin (D:1)
  A howler monkey zombie (D:5)
  17 gnolls
  14 adders
  4 river rats (Sewer)
  2 white imps
  An adder skeleton (D:5)
  A worm (D:4)
  3 dart slugs
  36 orcs
  7 bats
  An endoplasm (D:2)
  A giant cockroach (D:2)
  18 goblins
  5 hobgoblins
  10 jackals
  5 quokkas
  8 ball pythons
  9 frilled lizards
  14 kobolds
  17 rats
567 creatures vanquished.

Vanquished Creatures (collateral kills)
  An elephant (Lair:4)
1 creature vanquished.

Grand Total: 568 creatures vanquished

Notes
Turn   | Place    | Note
-------+----------+-------------------------------------------
     0 | D:1      | KimchiStew the Merfolk Monk began the quest for the Orb.
     0 | D:1      | Reached XP level 1. HP: 18/18 MP: 1/1
    26 | D:1      | Reached XP level 2. HP: 11/24 MP: 2/2
   172 | D:1      | Reached skill level 5 in Polearms
   365 | D:1      | Reached XP level 3. HP: 22/29 MP: 3/3
   669 | D:2      | Found a faded altar of an unknown god.
   913 | D:2      | Noticed Robin
   963 | D:1      | Reached XP level 4. HP: 27/35 MP: 4/4
  1069 | D:1      | Killed Robin
  1533 | D:2      | Reached XP level 5. HP: 41/41 MP: 5/5
  3115 | D:4      | Reached skill level 1 in Throwing
  3115 | D:4      | Reached XP level 6. HP: 38/47 MP: 6/6
  3435 | D:4      | Found a glowing drain.
  3446 | Sewer    | Entered a sewer
  3534 | Sewer    | Identified a scroll of acquirement
  3534 | Sewer    | Acquired 491 gold pieces
  4492 | D:5      | Entered Level 5 of the Dungeon
  4658 | D:5      | Reached skill level 1 in Shapeshifting
  4658 | D:5      | Reached XP level 7. HP: 42/54 MP: 7/7
  5216 | D:5      | Reached skill level 10 in Polearms
  5388 | D:5      | HP: 2/54 [black bear (2)]
  5389 | D:5      | Reached skill level 1 in Unarmed Combat
  5389 | D:5      | Reached XP level 8. HP: 3/60 MP: 8/8
  5698 | D:5      | Reached skill level 2 in Unarmed Combat
  6372 | D:5      | Reached skill level 1 in Stealth
  6372 | D:5      | Reached skill level 3 in Unarmed Combat
  6460 | D:5      | Reached skill level 5 in Dodging
  6582 | D:5      | Found a bloodstained altar of Trog.
  6617 | D:5      | Became a worshipper of Trog the Wrathful
  6617 | D:5      | Reached * piety under Trog
  6617 | D:5      | Reached ** piety under Trog
  6755 | D:6      | Identified the amulet "Xolooruk" {Spirit rF- rC+ Str+3
                  | Int+5}
  6792 | D:6      | Noticed Sigmund
  7009 | D:6      | Reached skill level 5 in Fighting
  7009 | D:6      | Reached skill level 4 in Unarmed Combat
  7014 | D:6      | Reached XP level 9. HP: 68/68 MP: 9/9
  7148 | D:6      | Noticed Grinder
  7150 | D:6      | Killed Grinder
  7155 | D:6      | Acquired the +3 helmet of the Snake Pit {Slay+2}
  7211 | D:6      | Noticed a cyclops
  7220 | D:6      | Killed a cyclops
  7221 | D:6      | Reached skill level 5 in Unarmed Combat
  7381 | D:6      | Found a white marble altar of Elyvilon.
  7731 | D:6      | Killed Sigmund
  7732 | D:6      | Reached skill level 5 in Shapeshifting
  7829 | D:7      | Reached skill level 6 in Unarmed Combat
  7964 | D:7      | Found a staircase to the Ecumenical Temple.
  8038 | D:7      | Noticed Maggie
  8052 | D:7      | Killed Maggie
  8053 | D:7      | Reached XP level 10. HP: 59/76 MP: 10/10
  8218 | D:7      | Found an opulent altar of Gozag.
  8222 | D:7      | Found a shimmering altar of Xom.
  8455 | D:8      | Reached skill level 7 in Unarmed Combat
  8463 | D:8      | Found a basalt altar of Yredelemnul.
  8714 | D:8      | Noticed Prince Ribbit
  8721 | D:8      | Killed Prince Ribbit
  8992 | D:9      | Reached skill level 5 in Stealth
  9088 | D:9      | Found the +8 trident of the Octopus King {venom, rElec
                  | rPois}
  9150 | D:9      | Found a staircase to the Orcish Mines.
  9168 | D:9      | Reached *** piety under Trog
  9395 | D:9      | Noticed a deep elf zephyrmancer
  9404 | D:9      | Killed a deep elf zephyrmancer
  9405 | D:9      | Reached skill level 8 in Unarmed Combat
  9587 | D:9      | Noticed a two-headed ogre
  9659 | D:9      | Killed a two-headed ogre
 10228 | D:10     | Entered Level 10 of the Dungeon
 10239 | D:10     | Noticed a gargoyle
 10261 | D:10     | Killed a gargoyle
 10451 | D:10     | Noticed Grum
 10463 | D:10     | Reached skill level 9 in Unarmed Combat
 10519 | D:10     | Reached XP level 11. HP: 71/84 MP: 11/11
 10567 | D:10     | Found Batotoan's Magic Scroll Shop.
 10571 | D:10     | Bought a scroll of blinking for 105 gold pieces
 10613 | D:10     | Noticed a vault guard
 10620 | D:10     | Killed a vault guard
 10629 | D:10     | Found a portal to a secret trove of treasure.
 10713 | D:10     | Killed Grum
 10816 | D:10     | Noticed Erica
 11582 | D:10     | Noticed a two-headed ogre
 11597 | D:10     | Reached skill level 10 in Unarmed Combat
 11601 | D:10     | Killed a two-headed ogre
 12083 | D:11     | Noticed a cyclops
 12104 | D:11     | Killed a cyclops
 12105 | D:11     | Reached skill level 10 in Dodging
 12353 | D:11     | Reached skill level 11 in Unarmed Combat
 12419 | D:11     | Noticed a boulder beetle
 12451 | D:11     | Killed a boulder beetle
 12452 | D:11     | Reached XP level 12. HP: 95/95 MP: 12/12
 12557 | D:11     | Found a staircase to the Lair.
 12584 | Lair:1   | Entered Level 1 of the Lair of Beasts
 12644 | Lair:1   | Reached **** piety under Trog
 13587 | Lair:2   | Reached skill level 12 in Unarmed Combat
 13607 | Lair:2   | Found a staircase to the Snake Pit.
 13969 | Lair:2   | Reached skill level 10 in Fighting
 14014 | Lair:2   | Reached skill level 13 in Unarmed Combat
 14407 | Lair:3   | Reached XP level 13. HP: 103/103 MP: 13/13
 14476 | Lair:3   | Noticed Fannar
 14619 | Lair:3   | Killed Fannar
 14778 | Lair:3   | Found a staircase to the Swamp.
 14926 | Lair:3   | Reached skill level 14 in Unarmed Combat
 15309 | Lair:4   | Reached ***** piety under Trog
 15310 | Lair:4   | Reached skill level 10 in Shapeshifting
 15727 | Lair:4   | Identified the +1 leather armour "Koh Xecw" {rC+ MP+9}
 15727 | Lair:4   | Noticed Rupert
 15751 | Lair:4   | Killed Rupert
 16345 | Lair:4   | Reached skill level 15 in Unarmed Combat
 16350 | Lair:4   | Reached skill level 1 in Shields
 16366 | Lair:4   | Found a staircase to the Slime Pits.
 16467 | Lair:5   | Entered Level 5 of the Lair of Beasts
 16498 | Lair:5   | Found a broken altar of Ashenzari.
 16515 | Lair:5   | Reached XP level 14. HP: 113/113 MP: 14/14
 17098 | Lair:5   | Paralysed by a hornet for 1 turns
 17394 | Lair:5   | Reached skill level 16 in Unarmed Combat
 18421 | Lair:5   | Reached XP level 15. HP: 120/120 MP: 15/15
 18578 | Lair:5   | Received a gift from Trog
 19208 | D:12     | Noticed Lodul
 19214 | D:12     | Killed Lodul
 19215 | D:12     | Reached skill level 5 in Shields
 19384 | D:12     | Reached skill level 15 in Dodging
 19712 | D:12     | Reached skill level 17 in Unarmed Combat
 20099 | Orc:1    | Entered Level 1 of the Orcish Mines
 20180 | Orc:2    | Entered Level 2 of the Orcish Mines
 20192 | Orc:2    | Noticed Urug
 20203 | Orc:2    | Killed Urug
 20269 | Orc:2    | Found a staircase to the Elven Halls.
 20431 | Orc:2    | Noticed Maurice
 20448 | Orc:2    | Paralysed by something for 2 turns
 20458 | Orc:2    | Paralysed by something for 5 turns
 20468 | Orc:2    | Killed Maurice
 20708 | Orc:2    | Found Viph's Book Emporium.
 20752 | Orc:2    | Received a gift from Trog
 20759 | Orc:2    | Slain by a red devil

Illustrated notes

Levels and vault maps discovered:
D:1:      elethiomel_arrival_shortcut, layout_basic
D:2:      layout_rooms, ebering_ecumenical_altar_petrified,
          minmay_misc_feat_square, uniq_robin
D:3:      layout_basic, kennysheep_generic_room_4
D:4:      layout_loops_ring, gup_sewer_entry_bubbles, chequers_decorated_corner
D:5:      minmay_angry_zag, layout_rooms, marbit_many_paths, serial_undead,
          serial_undead_f, serial_undead_c, serial_undead_c, serial_undead_f,
          serial_undead_f, serial_undead_a, kennysheep_pointless_box
D:6:      layout_loops_ring, elyvilon_altar_1, kennysheep_cross_room,
          uniq_sigmund, uniq_grinder
D:7:      layout_rooms, grunt_temple_overflow_open, minmay_temple_entry_wispy,
          uniq_maggie
D:8:      layout_loops_ring, lemuel_zombie_altar_yredelemnul,
          uniq_prince_ribbit1
D:9:      layout_basic, orc_0_dummy, minmay_librarian
D:10:     minmay_razor_zed, layout_gridville, serial_shops,
          nicolae_shop_just_a_little_nook, enter_trove_5, uniq_erica, uniq_grum
D:11:     layout_cave_pools, dpeg_oklobed_lair
D:12:     layout_irregular_city, nicolae_fountain_basement, uniq_lodul
Lair:1:   wander_river, layout_concentric_octagons, fungi_pond_lemuel,
          dreamdust_gnoll_shepherd
Lair:2:   layout_cave_shapes, minmay_snake_entry_six_corridors
Lair:3:   layout_chaotic_city, swamp_mist, grunt_megastairs_5, uniq_fannar
Lair:4:   layout_small_grid, minmay_slime_entry_oklob_enclosed, uniq_rupert
Lair:5:   hangedman_lair_tendril_chambers, layout_layer_cave, basic_altar,
          chequers_serial_rivers_room_b, serial_bayou_ford_a
Orc:1:    layout_diamond_mine, serial_shops, shop
Orc:2:    hellmonk_orc_salted, layout_diamond_mine, uniq_urug, uniq_maurice

Skill      XL: |  1  2  3  4  5  6  7  8  9 10 11 12 13 14 15 |
---------------+----------------------------------------------+-----
Polearms       | 5 6 7 8 9 10 | 10.0
Throwing       | 1 2 3 4 |  4.0
Fighting       | 4 5 6 7 9 10 11 12 | 12.8
Shapeshifting  | 1 3 4 5 6 8 9 10 11 12 | 12.4
Unarmed Combat | 1 4 6 9 11 13 15 16 17 | 17.5
Stealth        | 2 4 5 |  5.0
Dodging        | 5 7 8 10 12 13 14 15 | 15.0
Shields        | 1 4 5 |  5.0

Action                     |  1- 3 |  4- 6 |  7- 9 | 10-12 | 13-15 || total
---------------------------+-------+-------+-------+-------+-------++-------
  Melee: Spear             |    91 |   187 |   139 |       |       ||   417
         Dagger            |    25 |   132 |    63 |       |       ||   220
         Tailslap          |       |     1 |       |       |     8 ||     9
         Halberd           |       |       |   169 |   278 |       ||   447
         Unarmed           |       |       |    27 |   438 |   847 ||  1312
         Punch             |       |       |     2 |    29 |    28 ||    59
         Constrict         |       |       |       |     1 |     5 ||     6
         Maw               |       |       |       |       |   234 ||   234
  Throw: Dart              |       |       |       |    11 |     8 ||    19
         Throwing net      |       |       |       |       |     1 ||     1
 Invoke: Berserk           |       |       |     1 |    17 |    10 ||    28
         Trog's Hand       |       |       |       |     1 |     2 ||     3
         Brothers in Arms  |       |       |       |       |     1 ||     1
Ability: Begin Untransform |       |       |     1 |     1 |       ||     2
  Evoke: Wand              |       |       |     4 |     5 |       ||     9
    Use: Scroll            |       |    10 |     6 |    12 |     9 ||    37
         Potion            |       |       |       |     1 |     1 ||     2
   Stab: Sleeping          |       |       |     3 |    11 |     8 ||    22
         Invisible         |       |       |     1 |     1 |       ||     2
         Petrified         |       |       |       |       |     3 ||     3
         Held in net/web   |       |       |       |       |     1 ||     1
         Distracted        |       |       |       |       |     5 ||     5
 Armour: Robe              |    18 |    51 |    35 |       |       ||   104
         Leather armour    |       |       |    35 |       |       ||    35
         Swamp dragon scal |       |       |       |    94 |       ||    94
         Troll leather arm |       |       |       |   114 |       ||   114
         Skin              |       |       |       |    22 |   112 ||   134
  Dodge: Dodged            |    70 |   153 |   193 |   642 |   614 ||  1672
  Block: Buckler           |       |       |       |       |    90 ||    90
   Form: Beast             |       |       |     1 |     1 |       ||     2
         Anaconda          |       |       |       |     1 |       ||     1
         Maw               |       |       |       |       |     1 ||     1

Table legend: (Time is in decaauts)
 A = Elapsed time spent in this place.
 B = Non-inter-level travel time spent in this place.
 C = Inter-level travel time spent in this place.
 D = Time resting spent in this place.
 E = Time spent auto-exploring this place.
 F = Levels seen in this place.
 G = Mean time per level.
                   A        B        C        D        E       F      G
               +--------+--------+--------+--------+--------+-----+--------+
         Total |  20441 |  19115 |   1326 |   4067 |   9588 |  20 | 1022.0 |
       Dungeon |  13116 |  12065 |   1051 |   2557 |   6093 |  12 | 1093.0 |
          Lair |   6003 |   5730 |    273 |   1065 |   2987 |   5 | 1200.6 |
  Orcish Mines |    639 |    639 |      0 |    125 |    287 |   2 |  319.5 |
         Sewer |    682 |    682 |      0 |    318 |    220 |   1 |  682.0 |
               +--------+--------+--------+--------+--------+-----+--------+

Top non-repeatable levels by time:
  Lair:5: 2096 daAuts
     D:5: 1693 daAuts
    D:10: 1630 daAuts
     D:9: 1271 daAuts
     D:3: 1226 daAuts
  Lair:4: 1225 daAuts
     D:4: 1168 daAuts
    D:12: 1165 daAuts
     D:6: 1084 daAuts
  Lair:3: 1071 daAuts
     D:1: 1061 daAuts
  Lair:1: 1002 daAuts
     D:2: 749 daAuts
    D:11: 737 daAuts
   Sewer: 682 daAuts
